[ PARTIDA AOE2 · #472500426 ]
UnrankedMagiares vs Chinese
[ ANÁLISIS DE REPETICIÓN · EXTRAÍDO DE LA PARTIDA GRABADA ]
Feudal
5:30
Castillos
9:50
Imperial
16:25
| APM promedio | 39.7 |
| APM pico | 71 |
| eAPM promedio | 38.1 |
| Aldeanos / militares | 223 / 232 |
Foco
⚔️ 31.9% · 🌾 68.1%
Militia ×102 · Cavalry Archer ×89 · Magyar Huszar ×37 · Mangonel ×4 · Fishing Ship ×3
Feudal
4:30
Castillos
8:10
Imperial
13:54
| APM promedio | 26.2 |
| APM pico | 73 |
| eAPM promedio | 15.1 |
| Aldeanos / militares | 20 / 13 |
Foco
⚔️ 8.1% · 🌾 91.9%
Mangonel ×10 · Battering Ram ×3
Feudal
3:57
Castillos
8:07
Imperial
—
| APM promedio | 20.5 |
| APM pico | 91 |
| eAPM promedio | 13.6 |
| Aldeanos / militares | 33 / 28 |
Foco
⚔️ 23.7% · 🌾 76.3%
Spearman ×28 · Fishing Ship ×24
Feudal
2:24
Castillos
4:00
Imperial
6:10
| APM promedio | 53.8 |
| APM pico | 91 |
| eAPM promedio | 38.9 |
| Aldeanos / militares | 10 / 153 |
Foco
⚔️ 15.8% · 🌾 84.2%
Scout Cavalry ×131 · Scorpion ×10 · Fire Lancer ×10 · Knight ×1 · Iron Pagoda ×1
Feudal
4:55
Castillos
10:56
Imperial
19:07
| APM promedio | 16.5 |
| APM pico | 44 |
| eAPM promedio | 16.0 |
| Aldeanos / militares | 85 / 110 |
Foco
⚔️ 30.7% · 🌾 69.3%
Scorpion ×53 · Scout Cavalry ×34 · Mangonel ×20 · Fishing Ship ×10 · Galley ×3
Feudal
—
Castillos
—
Imperial
—
| APM promedio | 50.0 |
| APM pico | 90 |
| eAPM promedio | 38.5 |
| Aldeanos / militares | 66 / 50 |
Foco
⚔️ 17.9% · 🌾 82.1%
Throwing Axeman ×25 · Knight ×21 · Mangonel ×4
Feudal
3:53
Castillos
6:57
Imperial
10:28
| APM promedio | 20.8 |
| APM pico | 67 |
| eAPM promedio | 18.8 |
| Aldeanos / militares | 30 / 218 |
Foco
⚔️ 25.5% · 🌾 74.5%
Arambai ×215 · Mangonel ×3
Feudal
3:12
Castillos
4:59
Imperial
6:45
| APM promedio | 30.0 |
| APM pico | 71 |
| eAPM promedio | 19.4 |
| Aldeanos / militares | 10 / 123 |
Foco
⚔️ 31.0% · 🌾 69.0%
Scout Cavalry ×122 · Mangonel ×1
Mapa de la partida
Recursos iniciales + cada clic de construcción. Líneas = muros · curvas = relieve. ◆ oro · ⬟ piedra · ● bayas · ✦ reliquia · ◌ hueco del cierre
Tu base· ✓ Separados por el mapa
Base de i kun 2.5· ✓ Separados por el mapa
Base de 漫山哒哒哒· ✓ Separados por el mapa
Base de Lumedge· ✓ Separados por el mapa
Base de ChristopheG1970.Fr· ✓ Separados por el mapa
Base de AnanasHarfe8018· ✓ Separados por el mapa
Base de gmc inspector· ✓ Separados por el mapa
Base de QTJ钱塘江客· ✓ Separados por el mapa
Terreno inicial suavizado · ◌ = hueco del cierre detectado · pasá el cursor para detalles
Inputs por minuto
— Kalervo Jankko - - i kun 2.5
Build order — Kalervo Jankko
Primeras 150 de 525 acciones detectadas
| 0:03 | Construir | Mill |
| 0:04 | Construir | House |
| 0:05 | Crear | Villager (Male) |
| 0:06 | Crear | Villager (Male) ×4 |
| 0:06 | Crear | Villager (Male) |
| 0:38 | Construir | Farm |
| 0:42 | Construir | Farm |
| 1:29 | Crear | Villager (Male) |
| 1:30 | Crear | Villager (Male) |
| 1:30 | Crear | Villager (Male) |
| 1:38 | Construir | Farm |
| 1:43 | Crear | Villager (Male) |
| 1:44 | Crear | Villager (Male) |
| 1:59 | Crear | Villager (Male) |
| 2:00 | Crear | Villager (Male) |
| 2:03 | Crear | Villager (Male) |
| 2:04 | Crear | Villager (Male) |
| 2:18 | Crear | Villager (Male) |
| 2:19 | Crear | Villager (Male) |
| 2:30 | Crear | Villager (Male) |
| 2:30 | Crear | Villager (Male) |
| 2:33 | Construir | Lumber Camp |
| 2:41 | Construir | Farm |
| 2:52 | Construir | Farm |
| 2:57 | Construir | Farm |
| 2:59 | Crear | Villager (Male) |
| 2:59 | Crear | Villager (Male) |
| 2:59 | Crear | Villager (Male) |
| 3:00 | Crear | Villager (Male) |
| 3:16 | Crear | Villager (Male) |
| 3:59 | Construir | Farm |
| 4:02 | Construir | Farm |
| 4:05 | Crear | Villager (Male) |
| 4:05 | Crear | Villager (Male) |
| 4:16 | Crear | Villager (Male) |
| 4:16 | Crear | Villager (Male) |
| 4:17 | Crear | Villager (Male) |
| 4:17 | Crear | Villager (Male) |
| 4:26 | Investigar | Feudal Age |
| 4:27 | Crear | Villager (Male) |
| 4:27 | Crear | Villager (Male) |
| 4:27 | Crear | Villager (Male) |
| 4:29 | Crear | Villager (Male) |
| 4:29 | Crear | Villager (Male) |
| 5:12 | Crear | Villager (Male) |
| 5:30 | Edad | Edad Feudal |
| 5:35 | Investigar | Double-Bit Axe |
| 5:36 | Investigar | Tech 1687 |
| 5:46 | Investigar | Tech 1688 |
| 5:47 | Investigar | Tech 1688 |
| 5:49 | Crear | Villager (Male) |
| 5:50 | Crear | Villager (Male) |
| 5:50 | Crear | Villager (Male) |
| 5:59 | Investigar | Tech 1625 |
| 5:59 | Investigar | Tech 1625 |
| 6:05 | Investigar | Tech 1624 |
| 6:12 | Investigar | Horse Collar |
| 6:13 | Investigar | Horse Collar |
| 6:24 | Investigar | Town Watch |
| 6:24 | Investigar | Town Watch |
| 6:25 | Investigar | Tech 1612 |
| 6:25 | Investigar | Tech 1612 |
| 6:25 | Investigar | Tech 1612 |
| 6:26 | Investigar | Tech 1613 |
| 6:26 | Investigar | Tech 1613 |
| 6:27 | Crear | Villager (Male) |
| 6:27 | Crear | Villager (Male) |
| 6:28 | Crear | Villager (Male) |
| 6:28 | Crear | Villager (Male) |
| 6:28 | Crear | Villager (Male) |
| 6:29 | Crear | Villager (Male) |
| 6:29 | Crear | Villager (Male) |
| 6:30 | Crear | Villager (Male) |
| 6:39 | Crear | Villager (Male) |
| 6:40 | Crear | Villager (Male) |
| 6:40 | Crear | Villager (Male) |
| 6:50 | Crear | Villager (Male) |
| 6:50 | Crear | Villager (Male) |
| 6:51 | Crear | Villager (Male) |
| 6:51 | Crear | Villager (Male) |
| 7:09 | Crear | Villager (Male) |
| 7:09 | Crear | Villager (Male) |
| 7:21 | Construir | Farm |
| 7:33 | Crear | Villager (Male) |
| 7:41 | Construir | Farm |
| 7:58 | Construir | Market |
| 8:03 | Construir | Blacksmith |
| 8:18 | Crear | Villager (Male) |
| 8:19 | Crear | Villager (Male) |
| 8:29 | Construir | Lumber Camp |
| 8:43 | Investigar | Castle Age |
| 8:43 | Investigar | Castle Age |
| 8:53 | Construir | Farm |
| 8:56 | Construir | Farm |
| 9:01 | Crear | Villager (Male) |
| 9:01 | Crear | Villager (Male) |
| 9:02 | Crear | Villager (Male) |
| 9:05 | Crear | Villager (Male) |
| 9:05 | Crear | Villager (Male) |
| 9:09 | Construir | Farm |
| 9:18 | Crear | Villager (Male) |
| 9:18 | Crear | Villager (Male) |
| 9:43 | Crear | Villager (Male) |
| 9:50 | Edad | Edad de los Castillos |
| 9:55 | Construir | Town Center |
| 10:03 | Crear | Villager (Male) |
| 10:04 | Crear | Villager (Male) |
| 10:06 | Crear | Villager (Male) |
| 10:06 | Crear | Villager (Male) |
| 10:06 | Crear | Villager (Male) |
| 10:07 | Crear | Villager (Male) |
| 10:07 | Crear | Villager (Male) |
| 10:07 | Crear | Villager (Male) |
| 10:17 | Investigar | Bow Saw |
| 10:17 | Investigar | Bow Saw |
| 10:18 | Investigar | Bow Saw |
| 10:18 | Investigar | Tech 1691 |
| 10:18 | Investigar | Tech 1691 |
| 10:18 | Investigar | Tech 1691 |
| 10:19 | Investigar | Tech 1692 |
| 10:19 | Investigar | Tech 1692 |
| 10:23 | Investigar | Tech 1623 |
| 10:23 | Investigar | Tech 1623 |
| 10:23 | Investigar | Tech 1623 |
| 10:23 | Investigar | Tech 1622 |
| 10:24 | Investigar | Tech 1622 |
| 10:24 | Investigar | Heavy Plow |
| 10:35 | Investigar | Wheelbarrow |
| 10:36 | Investigar | Wheelbarrow |
| 10:36 | Investigar | Wheelbarrow |
| 10:36 | Investigar | Tech 1699 |
| 10:36 | Investigar | Tech 1699 |
| 10:40 | Construir | Farm |
| 10:47 | Crear | Villager (Male) |
| 10:47 | Crear | Villager (Male) |
| 10:47 | Crear | Villager (Male) |
| 10:48 | Crear | Villager (Male) |
| 10:48 | Crear | Villager (Male) |
| 10:49 | Crear | Villager (Male) |
| 10:49 | Crear | Villager (Male) |
| 10:49 | Crear | Villager (Male) |
| 10:50 | Crear | Villager (Male) |
| 10:50 | Crear | Villager (Male) |
| 10:51 | Crear | Villager (Male) |
| 11:17 | Investigar | Hand Cart |
| 11:17 | Investigar | Hand Cart |
| 11:18 | Investigar | Hand Cart |
| 11:18 | Investigar | Tech 1700 |
| 11:18 | Investigar | Tech 1700 |
| 11:18 | Investigar | Tech 1700 |
Build order — i kun 2.5
99 acciones detectadas en el replay
| 0:04 | Crear | Villager (Male) ×4 |
| 0:10 | Construir | House |
| 0:17 | Construir | Mill |
| 0:21 | Construir | Lumber Camp |
| 0:36 | Construir | Lumber Camp |
| 1:05 | Construir | Farm |
| 1:07 | Construir | Farm |
| 1:52 | Construir | Farm |
| 2:02 | Crear | Villager (Male) |
| 2:02 | Crear | Villager (Male) |
| 2:02 | Crear | Villager (Male) |
| 2:03 | Crear | Villager (Male) |
| 2:48 | Construir | Farm |
| 3:38 | Investigar | Feudal Age |
| 4:30 | Edad | Edad Feudal |
| 4:34 | Investigar | Town Watch |
| 4:36 | Investigar | Double-Bit Axe |
| 4:37 | Investigar | Double-Bit Axe |
| 4:37 | Investigar | Tech 1687 |
| 4:37 | Investigar | Tech 1687 |
| 4:39 | Investigar | Tech 1688 |
| 4:47 | Construir | Market |
| 5:09 | Investigar | Tech 1612 |
| 5:15 | Construir | Blacksmith |
| 5:19 | Crear | Villager (Male) |
| 5:26 | Investigar | Tech 1625 |
| 6:03 | Investigar | Tech 1613 |
| 6:17 | Investigar | Forging |
| 6:18 | Investigar | Tech 1661 |
| 6:18 | Investigar | Tech 1662 |
| 6:19 | Investigar | Tech 1662 |
| 6:25 | Investigar | Padded Archer Armor |
| 6:26 | Investigar | Tech 1695 |
| 6:26 | Investigar | Tech 1696 |
| 6:29 | Investigar | Fletching |
| 6:30 | Investigar | Tech 1681 |
| 6:30 | Investigar | Tech 1681 |
| 6:30 | Investigar | Tech 1682 |
| 6:31 | Investigar | Tech 1682 |
| 7:06 | Investigar | Castle Age |
| 7:15 | Construir | Farm |
| 7:21 | Construir | Lumber Camp |
| 7:31 | Construir | Farm |
| 7:33 | Investigar | Tech 1624 |
| 7:34 | Investigar | Horse Collar |
| 8:10 | Edad | Edad de los Castillos |
| 8:18 | Investigar | Bow Saw |
| 8:21 | Investigar | Tech 1691 |
| 8:23 | Investigar | Tech 1692 |
| 8:31 | Crear | Villager (Male) ×4 |
| 8:45 | Investigar | Tech 1623 |
| 9:05 | Construir | Farm |
| 9:12 | Construir | Lumber Camp |
| 9:19 | Construir | Farm |
| 10:07 | Crear | Villager (Male) |
| 10:08 | Crear | Villager (Male) |
| 10:14 | Investigar | Tech 1622 |
| 10:15 | Investigar | Heavy Plow |
| 10:42 | Construir | Siege Workshop |
| 10:45 | Construir | Monastery |
| 11:46 | Construir | Lumber Camp |
| 11:50 | Construir | Market |
| 12:14 | Crear | Mangonel ×5 |
| 12:16 | Crear | Mangonel ×5 |
| 12:38 | Investigar | Imperial Age |
| 12:55 | Construir | Farm |
| 13:05 | Construir | Lumber Camp |
| 13:54 | Edad | Edad Imperial |
| 14:45 | Crear | Villager (Male) ×5 |
| 15:05 | Investigar | Onager (upgrade) |
| 15:51 | Crear | Battering Ram |
| 15:53 | Crear | Battering Ram |
| 15:53 | Crear | Battering Ram |
| 17:02 | Construir | Mining Camp |
| 17:55 | Construir | Stone Wall |
| 18:54 | Construir | Mining Camp |
| 19:00 | Construir | House |
| 19:01 | Construir | House |
| 19:02 | Construir | House |
| 19:04 | Construir | House |
| 19:05 | Investigar | Gold Mining |
| 19:06 | Investigar | Stone Mining |
| 19:06 | Investigar | Tech 1653 |
| 19:06 | Investigar | Tech 1723 |
| 19:06 | Investigar | Tech 1723 |
| 19:06 | Investigar | Tech 1654 |
| 19:08 | Investigar | Tech 1724 |
| 19:16 | Construir | Stone Wall |
| 19:18 | Construir | Stone Wall |
| 19:19 | Construir | Stone Wall |
| 20:02 | Investigar | Tech 1727 |
| 20:02 | Investigar | Tech 1727 |
| 20:03 | Investigar | Tech 1728 |
| 20:08 | Investigar | Gold Shaft Mining |
| 20:08 | Investigar | Tech 1677 |
| 20:09 | Investigar | Tech 1677 |
| 20:09 | Investigar | Tech 1678 |
| 20:13 | Construir | Dock |
| 22:10 | Construir | Town Center |
Build order — 漫山哒哒哒
Primeras 150 de 196 acciones detectadas
| 0:04 | Construir | House |
| 0:08 | Construir | Mill |
| 0:08 | Crear | Villager (Male) |
| 0:09 | Crear | Villager (Male) |
| 0:09 | Crear | Villager (Male) |
| 0:10 | Crear | Villager (Male) |
| 0:10 | Crear | Villager (Male) |
| 0:14 | Construir | Lumber Camp |
| 0:51 | Construir | Farm |
| 0:53 | Construir | Farm |
| 1:06 | Construir | Farm |
| 1:28 | Crear | Villager (Male) |
| 1:28 | Crear | Villager (Male) |
| 2:01 | Crear | Villager (Male) |
| 3:05 | Investigar | Feudal Age |
| 3:57 | Edad | Edad Feudal |
| 3:58 | Construir | Market |
| 3:59 | Investigar | Tech 1625 |
| 4:00 | Investigar | Tech 1624 |
| 4:00 | Investigar | Tech 1624 |
| 4:03 | Investigar | Horse Collar |
| 4:06 | Crear | Villager (Male) |
| 4:06 | Crear | Villager (Male) |
| 4:18 | Crear | Villager (Male) |
| 4:26 | Crear | Villager (Male) |
| 4:56 | Construir | Farm |
| 5:12 | Investigar | Double-Bit Axe |
| 5:13 | Investigar | Tech 1687 |
| 5:13 | Investigar | Tech 1687 |
| 5:19 | Investigar | Tech 1688 |
| 5:46 | Construir | Farm |
| 6:45 | Construir | Blacksmith |
| 7:03 | Investigar | Castle Age |
| 7:08 | Investigar | Fletching |
| 7:08 | Investigar | Fletching |
| 7:08 | Investigar | Fletching |
| 7:08 | Investigar | Tech 1681 |
| 7:09 | Investigar | Tech 1681 |
| 7:09 | Investigar | Tech 1682 |
| 7:09 | Investigar | Tech 1682 |
| 7:09 | Investigar | Tech 1682 |
| 7:14 | Investigar | Padded Archer Armor |
| 7:15 | Investigar | Tech 1695 |
| 7:15 | Investigar | Tech 1695 |
| 7:15 | Investigar | Tech 1695 |
| 7:15 | Investigar | Tech 1696 |
| 7:15 | Investigar | Tech 1696 |
| 7:44 | Construir | Farm |
| 7:47 | Crear | Villager (Male) |
| 7:47 | Crear | Villager (Male) |
| 7:48 | Crear | Villager (Male) |
| 7:48 | Crear | Villager (Male) |
| 8:07 | Edad | Edad de los Castillos |
| 8:13 | Investigar | Bodkin Arrow |
| 8:14 | Investigar | Bodkin Arrow |
| 8:14 | Investigar | Bodkin Arrow |
| 8:14 | Investigar | Tech 1683 |
| 8:14 | Investigar | Tech 1683 |
| 8:14 | Investigar | Tech 1683 |
| 8:15 | Investigar | Tech 1684 |
| 8:15 | Investigar | Tech 1684 |
| 8:15 | Investigar | Tech 1684 |
| 8:33 | Crear | Villager (Male) |
| 8:33 | Crear | Villager (Male) |
| 8:33 | Crear | Villager (Male) |
| 8:34 | Crear | Villager (Male) |
| 8:51 | Construir | Dock |
| 8:56 | Construir | Dock |
| 9:04 | Investigar | Tech 1960 |
| 9:05 | Investigar | Tech 1960 |
| 9:05 | Investigar | Tech 1960 |
| 9:05 | Investigar | Tech 1961 |
| 9:05 | Investigar | Tech 1961 |
| 9:05 | Investigar | Tech 1961 |
| 9:05 | Investigar | Tech 1961 |
| 9:06 | Investigar | Tech 1962 |
| 9:06 | Investigar | Tech 1962 |
| 9:07 | Crear | Fishing Ship |
| 9:07 | Crear | Fishing Ship |
| 9:19 | Construir | Lumber Camp |
| 9:33 | Crear | Villager (Male) |
| 9:34 | Crear | Villager (Male) |
| 9:42 | Construir | Dock |
| 9:53 | Crear | Villager (Male) |
| 9:54 | Crear | Villager (Male) |
| 9:54 | Crear | Villager (Male) |
| 10:11 | Construir | Dock |
| 10:25 | Construir | Fish Trap |
| 10:28 | Crear | Fishing Ship |
| 10:29 | Crear | Fishing Ship |
| 10:48 | Construir | Dock |
| 10:54 | Construir | Fish Trap |
| 10:57 | Investigar | Gillnets |
| 10:57 | Investigar | Gillnets |
| 11:09 | Crear | Fishing Ship |
| 11:18 | Construir | Fish Trap |
| 11:20 | Investigar | Tech 1659 |
| 11:37 | Crear | Fishing Ship |
| 11:37 | Crear | Fishing Ship |
| 11:37 | Crear | Fishing Ship |
| 11:38 | Crear | Fishing Ship |
| 11:38 | Crear | Fishing Ship |
| 11:57 | Construir | Fish Trap |
| 11:59 | Crear | Fishing Ship |
| 11:59 | Crear | Fishing Ship |
| 12:00 | Crear | Fishing Ship |
| 12:00 | Crear | Fishing Ship |
| 12:21 | Construir | Fish Trap |
| 12:30 | Construir | Fish Trap |
| 12:34 | Construir | Fish Trap |
| 12:41 | Construir | Fish Trap |
| 12:54 | Construir | Lumber Camp |
| 13:06 | Construir | Fish Trap |
| 13:10 | Construir | Fish Trap |
| 13:17 | Construir | Fish Trap |
| 13:23 | Construir | Fish Trap |
| 13:30 | Crear | Fishing Ship |
| 13:30 | Crear | Fishing Ship |
| 13:40 | Construir | Barracks |
| 13:51 | Construir | Fish Trap |
| 13:55 | Investigar | Scale Mail Armor |
| 13:55 | Investigar | Scale Mail Armor |
| 13:55 | Investigar | Scale Mail Armor |
| 13:56 | Investigar | Tech 1663 |
| 13:56 | Investigar | Tech 1663 |
| 13:56 | Investigar | Tech 1664 |
| 13:56 | Investigar | Forging |
| 13:56 | Investigar | Tech 1661 |
| 13:57 | Investigar | Tech 1661 |
| 13:57 | Investigar | Tech 1662 |
| 13:59 | Investigar | Squires |
| 14:00 | Investigar | Squires |
| 14:00 | Investigar | Tech 1701 |
| 14:00 | Investigar | Tech 1701 |
| 14:00 | Investigar | Tech 1701 |
| 14:00 | Investigar | Tech 1702 |
| 14:01 | Investigar | Arson |
| 14:01 | Investigar | Arson |
| 14:01 | Investigar | Tech 1721 |
| 14:02 | Investigar | Tech 1721 |
| 14:02 | Investigar | Tech 1722 |
| 14:02 | Investigar | Tech 1722 |
| 14:05 | Investigar | Bow Saw |
| 14:06 | Investigar | Tech 1691 |
| 14:06 | Investigar | Tech 1691 |
| 14:06 | Investigar | Tech 1692 |
| 14:07 | Investigar | Tech 1692 |
| 14:09 | Construir | Lumber Camp |
| 14:10 | Crear | Villager (Male) |
| 14:10 | Crear | Villager (Male) |
Build order — Lumedge
Primeras 150 de 270 acciones detectadas
| 0:59 | Construir | Lumber Camp |
| 1:07 | Construir | Mill |
| 1:22 | Construir | Farm |
| 1:23 | Construir | Farm |
| 1:28 | Construir | Farm |
| 1:32 | Construir | Farm |
| 1:32 | Investigar | Feudal Age |
| 1:35 | Construir | Farm |
| 1:41 | Construir | Farm |
| 1:42 | Construir | Farm |
| 1:55 | Construir | Farm |
| 1:55 | Construir | Farm |
| 2:23 | Crear | Villager (Male) |
| 2:24 | Edad | Edad Feudal |
| 2:28 | Construir | Market |
| 2:32 | Construir | Blacksmith |
| 2:35 | Investigar | Double-Bit Axe |
| 2:37 | Construir | Lumber Camp |
| 2:38 | Investigar | Tech 1687 |
| 2:39 | Investigar | Tech 1688 |
| 2:41 | Investigar | Tech 1625 |
| 2:42 | Investigar | Tech 1624 |
| 2:42 | Investigar | Tech 1624 |
| 2:42 | Investigar | Horse Collar |
| 2:47 | Construir | Farm |
| 2:56 | Investigar | Castle Age |
| 3:15 | Construir | Farm |
| 3:20 | Construir | Farm |
| 3:27 | Construir | Farm |
| 3:37 | Construir | Farm |
| 3:43 | Investigar | Forging |
| 3:45 | Investigar | Scale Barding Armor |
| 3:45 | Investigar | Tech 1661 |
| 3:46 | Investigar | Tech 1661 |
| 3:46 | Investigar | Tech 1871 |
| 3:47 | Investigar | Tech 1662 |
| 3:48 | Investigar | Tech 1872 |
| 3:50 | Construir | Farm |
| 3:58 | Construir | Lumber Camp |
| 4:00 | Edad | Edad de los Castillos |
| 4:05 | Construir | Town Center |
| 4:08 | Investigar | Bow Saw |
| 4:08 | Investigar | Bow Saw |
| 4:09 | Investigar | Tech 1691 |
| 4:09 | Investigar | Tech 1691 |
| 4:09 | Investigar | Tech 1692 |
| 4:09 | Investigar | Tech 1692 |
| 4:11 | Investigar | Tech 1623 |
| 4:11 | Investigar | Tech 1623 |
| 4:11 | Investigar | Tech 1622 |
| 4:12 | Investigar | Tech 1622 |
| 4:12 | Investigar | Heavy Plow |
| 4:16 | Investigar | Coinage |
| 4:19 | Investigar | Wheelbarrow |
| 4:19 | Investigar | Wheelbarrow |
| 4:19 | Investigar | Tech 1699 |
| 4:20 | Investigar | Tech 1699 |
| 4:24 | Construir | Siege Workshop |
| 4:32 | Investigar | Tech 1700 |
| 4:32 | Investigar | Tech 1700 |
| 4:37 | Construir | Monastery |
| 4:45 | Crear | Iron Pagoda |
| 4:49 | Investigar | Imperial Age |
| 4:57 | Investigar | Hand Cart |
| 4:58 | Investigar | Loom |
| 4:58 | Investigar | Tech 1700 |
| 4:59 | Investigar | Tech 1700 |
| 4:59 | Investigar | Town Watch |
| 4:59 | Investigar | Town Watch |
| 5:00 | Investigar | Tech 1715 |
| 5:00 | Investigar | Tech 1715 |
| 5:05 | Construir | Town Center |
| 5:08 | Construir | Mining Camp |
| 5:21 | Investigar | Stone Mining |
| 5:22 | Investigar | Tech 1723 |
| 5:22 | Investigar | Tech 1724 |
| 5:25 | Construir | Mining Camp |
| 5:36 | Investigar | Tech 1716 |
| 5:37 | Investigar | Tech 1628 |
| 5:38 | Investigar | Tech 1629 |
| 5:38 | Investigar | Tech 1629 |
| 5:40 | Investigar | Tech 1612 |
| 5:40 | Investigar | Tech 1612 |
| 5:40 | Investigar | Tech 1613 |
| 5:41 | Investigar | Tech 1613 |
| 5:44 | Investigar | Stone Shaft Mining |
| 5:45 | Investigar | Tech 1727 |
| 5:45 | Investigar | Tech 1727 |
| 5:46 | Investigar | Tech 1728 |
| 6:10 | Edad | Edad Imperial |
| 6:14 | Investigar | Tech 980 |
| 6:15 | Investigar | Heavy Scorpion (upgrade) |
| 6:15 | Investigar | Capped Ram (upgrade) |
| 6:19 | Investigar | Gold Mining |
| 6:20 | Investigar | Tech 1653 |
| 6:20 | Investigar | Tech 1653 |
| 6:21 | Investigar | Iron Casting |
| 6:21 | Investigar | Iron Casting |
| 6:21 | Investigar | Chain Barding Armor |
| 6:22 | Investigar | Tech 1869 |
| 6:22 | Investigar | Tech 1673 |
| 6:22 | Investigar | Tech 1870 |
| 6:22 | Investigar | Tech 1674 |
| 6:23 | Investigar | Tech 1870 |
| 6:27 | Investigar | Town Patrol |
| 6:28 | Investigar | Tech 1621 |
| 6:29 | Investigar | Tech 1621 |
| 6:29 | Investigar | Tech 1620 |
| 6:29 | Investigar | Tech 1620 |
| 6:32 | Construir | Lumber Camp |
| 6:37 | Investigar | Tech 1654 |
| 7:03 | Construir | University |
| 7:05 | Investigar | Two-Man Saw |
| 7:05 | Investigar | Tech 1705 |
| 7:05 | Investigar | Tech 1705 |
| 7:06 | Investigar | Tech 1706 |
| 7:09 | Construir | Mining Camp |
| 7:22 | Investigar | Blast Furnace |
| 7:22 | Investigar | Blast Furnace |
| 7:23 | Investigar | Tech 1665 |
| 7:23 | Investigar | Tech 1665 |
| 7:29 | Investigar | Tech 1651 |
| 7:30 | Investigar | Tech 1651 |
| 7:30 | Investigar | Tech 1652 |
| 7:30 | Investigar | Tech 1652 |
| 7:37 | Investigar | Ballistics |
| 7:37 | Investigar | Tech 1743 |
| 7:38 | Investigar | Tech 1743 |
| 7:38 | Investigar | Tech 1744 |
| 7:38 | Investigar | Tech 1744 |
| 7:39 | Investigar | Murder Holes |
| 7:40 | Investigar | Masonry |
| 7:49 | Construir | Castle |
| 7:55 | Crear | Villager (Male) |
| 7:55 | Crear | Villager (Male) |
| 7:56 | Crear | Villager (Male) |
| 7:56 | Crear | Villager (Male) |
| 7:57 | Crear | Villager (Male) |
| 7:57 | Crear | Villager (Male) |
| 7:57 | Crear | Villager (Male) |
| 8:08 | Investigar | Siege Ram (upgrade) |
| 8:10 | Investigar | Banking |
| 8:11 | Investigar | Caravan |
| 8:14 | Investigar | Gold Shaft Mining |
| 8:14 | Investigar | Gold Shaft Mining |
| 8:15 | Investigar | Tech 1677 |
| 8:15 | Investigar | Tech 1678 |
| 8:15 | Investigar | Tech 1678 |
| 8:39 | Construir | Barracks |
| 8:49 | Construir | Blacksmith |
Build order — ChristopheG1970.Fr
Primeras 150 de 182 acciones detectadas
| 0:13 | Construir | House |
| 0:16 | Crear | Villager (Male) ×4 |
| 0:17 | Crear | Villager (Male) ×4 |
| 0:35 | Construir | Lumber Camp |
| 0:40 | Investigar | Loom |
| 0:40 | Investigar | Loom |
| 0:41 | Investigar | Tech 1628 |
| 0:41 | Investigar | Tech 1628 |
| 1:02 | Construir | Mill |
| 1:24 | Construir | Mill |
| 1:43 | Construir | Farm |
| 1:49 | Construir | Farm |
| 1:50 | Crear | Villager (Male) |
| 1:51 | Crear | Villager (Male) |
| 1:58 | Construir | Farm |
| 2:01 | Construir | Farm |
| 2:13 | Construir | Farm |
| 2:17 | Construir | Farm |
| 2:19 | Crear | Villager (Male) |
| 2:20 | Crear | Villager (Male) |
| 2:31 | Crear | Villager (Male) |
| 2:32 | Crear | Villager (Male) |
| 2:32 | Crear | Villager (Male) |
| 4:03 | Investigar | Feudal Age |
| 4:55 | Edad | Edad Feudal |
| 4:58 | Crear | Villager (Male) ×5 |
| 5:03 | Investigar | Double-Bit Axe |
| 5:15 | Investigar | Tech 1687 |
| 5:29 | Investigar | Tech 1688 |
| 5:33 | Investigar | Wheelbarrow |
| 5:44 | Investigar | Wheelbarrow |
| 5:50 | Investigar | Tech 1699 |
| 5:52 | Investigar | Tech 1700 |
| 5:55 | Investigar | Town Watch |
| 5:56 | Investigar | Tech 1612 |
| 5:56 | Investigar | Tech 1613 |
| 6:14 | Construir | Lumber Camp |
| 7:10 | Construir | Market |
| 7:21 | Crear | Villager (Male) ×5 |
| 7:26 | Crear | Villager (Male) ×5 |
| 7:50 | Construir | Blacksmith |
| 8:11 | Construir | Farm |
| 8:47 | Crear | Villager (Male) ×5 |
| 8:48 | Crear | Villager (Male) ×5 |
| 9:28 | Investigar | Castle Age |
| 9:55 | Construir | Lumber Camp |
| 10:14 | Construir | Lumber Camp |
| 10:49 | Investigar | Tech 1625 |
| 10:49 | Investigar | Tech 1625 |
| 10:50 | Investigar | Tech 1624 |
| 10:50 | Investigar | Tech 1624 |
| 10:50 | Investigar | Horse Collar |
| 10:51 | Investigar | Horse Collar |
| 10:56 | Edad | Edad de los Castillos |
| 11:01 | Investigar | Bow Saw |
| 11:02 | Investigar | Tech 1691 |
| 11:02 | Investigar | Tech 1691 |
| 11:03 | Investigar | Tech 1691 |
| 11:03 | Investigar | Tech 1692 |
| 11:03 | Investigar | Tech 1692 |
| 11:07 | Investigar | Hand Cart |
| 11:08 | Investigar | Hand Cart |
| 11:09 | Investigar | Tech 1715 |
| 11:10 | Investigar | Tech 1716 |
| 11:13 | Crear | Villager (Male) ×5 |
| 11:34 | Construir | Town Center |
| 11:45 | Construir | Farm |
| 11:47 | Construir | Farm |
| 11:50 | Construir | Farm |
| 11:52 | Construir | Farm |
| 12:31 | Construir | Lumber Camp |
| 12:55 | Construir | Lumber Camp |
| 13:06 | Construir | Barracks |
| 13:24 | Construir | Lumber Camp |
| 13:42 | Construir | Stable |
| 14:10 | Crear | Villager (Male) ×5 |
| 14:11 | Crear | Villager (Male) ×5 |
| 14:11 | Crear | Villager (Male) ×4 |
| 14:12 | Crear | Villager (Male) ×4 |
| 14:29 | Investigar | Husbandry |
| 14:31 | Investigar | Tech 1634 |
| 14:31 | Investigar | Tech 1634 |
| 14:32 | Investigar | Tech 1635 |
| 14:32 | Investigar | Tech 1635 |
| 14:33 | Crear | Scout Cavalry ×5 |
| 14:34 | Crear | Scout Cavalry ×5 |
| 14:35 | Crear | Scout Cavalry ×2 |
| 14:35 | Crear | Scout Cavalry ×2 |
| 14:51 | Construir | Lumber Camp |
| 14:57 | Crear | Villager (Male) ×5 |
| 14:58 | Crear | Villager (Male) ×5 |
| 14:58 | Crear | Villager (Male) ×5 |
| 14:59 | Crear | Villager (Male) ×5 |
| 14:59 | Crear | Villager (Male) ×2 |
| 16:02 | Construir | Siege Workshop |
| 16:41 | Construir | Dock |
| 16:53 | Construir | Lumber Camp |
| 17:03 | Construir | University |
| 17:16 | Construir | Dock |
| 17:20 | Crear | Fishing Ship ×5 |
| 17:50 | Investigar | Imperial Age |
| 17:56 | Crear | Mangonel |
| 17:57 | Crear | Mangonel ×5 |
| 17:58 | Crear | Mangonel ×5 |
| 17:58 | Crear | Mangonel ×5 |
| 17:59 | Crear | Mangonel ×4 |
| 18:12 | Construir | Farm |
| 18:18 | Construir | Lumber Camp |
| 18:33 | Construir | Fish Trap |
| 18:34 | Construir | Fish Trap |
| 18:36 | Construir | Fish Trap |
| 18:38 | Construir | Fish Trap |
| 18:40 | Construir | Fish Trap |
| 18:41 | Construir | Fish Trap |
| 18:45 | Construir | Fish Trap |
| 18:46 | Construir | Fish Trap |
| 18:47 | Construir | Fish Trap |
| 18:49 | Construir | Fish Trap |
| 18:50 | Construir | Fish Trap |
| 18:52 | Construir | Fish Trap |
| 18:57 | Investigar | Tech 1960 |
| 18:57 | Investigar | Tech 1961 |
| 18:58 | Investigar | Tech 1961 |
| 18:58 | Investigar | Tech 1962 |
| 19:02 | Crear | Fishing Ship ×5 |
| 19:07 | Edad | Edad Imperial |
| 19:18 | Investigar | Gillnets |
| 19:19 | Investigar | Gillnets |
| 19:19 | Investigar | Tech 1659 |
| 19:19 | Investigar | Tech 1659 |
| 19:20 | Investigar | Tech 1660 |
| 19:20 | Investigar | Tech 1660 |
| 19:20 | Investigar | Tech 1660 |
| 19:30 | Investigar | Onager (upgrade) |
| 19:53 | Construir | Town Center |
| 20:07 | Investigar | Tech 1629 |
| 20:27 | Construir | Siege Workshop |
| 20:37 | Construir | Siege Workshop |
| 20:46 | Construir | House |
| 20:57 | Construir | Lumber Camp |
| 21:21 | Construir | Mining Camp |
| 21:38 | Investigar | Gold Mining |
| 21:39 | Investigar | Gold Mining |
| 21:39 | Investigar | Tech 1653 |
| 21:40 | Investigar | Tech 1653 |
| 21:40 | Investigar | Tech 1654 |
| 21:41 | Investigar | Stone Mining |
| 21:42 | Investigar | Stone Mining |
| 21:42 | Investigar | Tech 1723 |
| 21:43 | Investigar | Tech 1723 |
Build order — AnanasHarfe8018
Primeras 150 de 421 acciones detectadas
| 1:11 | Construir | Mill |
| 1:29 | Construir | Farm |
| 1:30 | Construir | Farm |
| 1:33 | Construir | Farm |
| 1:36 | Construir | Farm |
| 1:46 | Construir | Farm |
| 1:48 | Construir | Farm |
| 1:52 | Construir | Farm |
| 1:58 | Construir | Lumber Camp |
| 2:13 | Investigar | Feudal Age |
| 2:16 | Construir | Farm |
| 2:22 | Construir | Farm |
| 2:28 | Construir | Farm |
| 2:42 | Construir | Farm |
| 3:12 | Investigar | Double-Bit Axe |
| 3:12 | Investigar | Double-Bit Axe |
| 3:12 | Investigar | Tech 1687 |
| 3:13 | Investigar | Tech 1687 |
| 3:13 | Investigar | Tech 1688 |
| 3:13 | Investigar | Tech 1688 |
| 3:16 | Investigar | Tech 1625 |
| 3:16 | Investigar | Tech 1625 |
| 3:17 | Investigar | Tech 1624 |
| 3:17 | Investigar | Tech 1624 |
| 3:17 | Investigar | Horse Collar |
| 3:18 | Investigar | Horse Collar |
| 3:31 | Construir | Market |
| 3:35 | Construir | Blacksmith |
| 3:43 | Construir | Lumber Camp |
| 4:11 | Investigar | Town Watch |
| 4:12 | Investigar | Castle Age |
| 5:29 | Construir | Town Center |
| 5:54 | Construir | Monastery |
| 5:57 | Investigar | Bow Saw |
| 5:57 | Investigar | Bow Saw |
| 5:58 | Investigar | Tech 1691 |
| 5:58 | Investigar | Tech 1691 |
| 5:58 | Investigar | Tech 1692 |
| 5:59 | Investigar | Tech 1692 |
| 6:00 | Investigar | Tech 1623 |
| 6:00 | Investigar | Tech 1623 |
| 6:01 | Investigar | Tech 1622 |
| 6:01 | Investigar | Tech 1622 |
| 6:02 | Investigar | Heavy Plow |
| 6:02 | Investigar | Heavy Plow |
| 6:05 | Investigar | Wheelbarrow |
| 6:06 | Investigar | Wheelbarrow |
| 6:06 | Investigar | Tech 1699 |
| 6:06 | Investigar | Tech 1699 |
| 6:07 | Investigar | Tech 1700 |
| 6:07 | Investigar | Tech 1700 |
| 6:10 | Crear | Villager (Male) |
| 6:10 | Crear | Villager (Male) |
| 6:11 | Crear | Villager (Male) |
| 6:11 | Crear | Villager (Male) |
| 6:21 | Construir | University |
| 6:37 | Construir | Market |
| 6:51 | Investigar | Murder Holes |
| 6:52 | Investigar | Murder Holes |
| 6:52 | Investigar | Tech 1651 |
| 6:52 | Investigar | Tech 1651 |
| 6:53 | Investigar | Tech 1651 |
| 6:53 | Investigar | Tech 1652 |
| 6:53 | Investigar | Tech 1652 |
| 6:54 | Investigar | Tech 1652 |
| 6:55 | Investigar | Masonry |
| 6:55 | Investigar | Ballistics |
| 6:56 | Investigar | Ballistics |
| 6:56 | Investigar | Masonry |
| 6:56 | Investigar | Masonry |
| 6:56 | Investigar | Ballistics |
| 6:56 | Investigar | Tech 1646 |
| 6:56 | Investigar | Tech 1646 |
| 6:56 | Investigar | Tech 1747 |
| 6:57 | Investigar | Tech 1747 |
| 6:57 | Investigar | Tech 1647 |
| 6:57 | Investigar | Tech 1647 |
| 6:57 | Investigar | Tech 1748 |
| 6:57 | Investigar | Tech 1647 |
| 6:57 | Investigar | Tech 1748 |
| 7:21 | Investigar | Imperial Age |
| 7:30 | Construir | Town Center |
| 7:34 | Crear | Villager (Male) |
| 7:56 | Construir | Mining Camp |
| 7:59 | Construir | Mining Camp |
| 8:24 | Investigar | Gold Mining |
| 8:25 | Investigar | Stone Mining |
| 8:25 | Investigar | Tech 1653 |
| 8:25 | Investigar | Stone Mining |
| 8:26 | Investigar | Tech 1653 |
| 8:26 | Investigar | Tech 1723 |
| 8:26 | Investigar | Tech 1654 |
| 8:26 | Investigar | Tech 1723 |
| 8:27 | Investigar | Tech 1654 |
| 8:27 | Investigar | Tech 1724 |
| 8:27 | Investigar | Tech 1724 |
| 8:45 | Investigar | Guard Tower (upgrade) |
| 9:04 | Construir | Farm |
| 9:09 | Construir | Farm |
| 9:12 | Construir | Farm |
| 9:15 | Construir | Farm |
| 9:16 | Construir | Farm |
| 9:28 | Construir | Town Center |
| 9:35 | Investigar | Gold Shaft Mining |
| 9:35 | Investigar | Tech 1727 |
| 9:35 | Investigar | Gold Shaft Mining |
| 9:35 | Investigar | Tech 1727 |
| 9:35 | Investigar | Tech 1677 |
| 9:35 | Investigar | Tech 1728 |
| 9:36 | Investigar | Tech 1677 |
| 9:36 | Investigar | Tech 1728 |
| 9:36 | Investigar | Tech 1678 |
| 9:36 | Investigar | Tech 1678 |
| 9:41 | Investigar | Tech 1621 |
| 9:41 | Investigar | Tech 1621 |
| 9:41 | Investigar | Tech 1620 |
| 9:42 | Investigar | Tech 1620 |
| 9:42 | Investigar | Crop Rotation |
| 9:42 | Investigar | Crop Rotation |
| 9:49 | Construir | Lumber Camp |
| 9:50 | Crear | Villager (Male) |
| 9:50 | Crear | Villager (Male) |
| 9:51 | Crear | Villager (Male) |
| 9:51 | Crear | Villager (Male) |
| 9:52 | Crear | Villager (Male) |
| 9:52 | Crear | Villager (Male) |
| 9:54 | Crear | Villager (Male) |
| 9:55 | Crear | Villager (Male) |
| 9:55 | Crear | Villager (Male) |
| 10:04 | Investigar | Chemistry |
| 10:05 | Investigar | Chemistry |
| 10:05 | Investigar | Tech 1640 |
| 10:06 | Investigar | Tech 1640 |
| 10:06 | Investigar | Tech 1641 |
| 10:06 | Investigar | Arrowslits |
| 10:07 | Investigar | Arrowslits |
| 10:07 | Investigar | Tech 1812 |
| 10:07 | Investigar | Tech 1812 |
| 10:08 | Investigar | Tech 1813 |
| 10:08 | Investigar | Tech 1813 |
| 10:10 | Investigar | Architecture |
| 10:11 | Investigar | Architecture |
| 10:11 | Investigar | Architecture |
| 10:11 | Investigar | Tech 1648 |
| 10:11 | Investigar | Tech 1648 |
| 10:12 | Investigar | Tech 1873 |
| 10:12 | Investigar | Siege Engineers |
| 10:12 | Investigar | Siege Engineers |
| 10:14 | Investigar | Tech 1743 |
| 10:14 | Investigar | Tech 1743 |
Build order — gmc inspector
Primeras 150 de 256 acciones detectadas
| 1:12 | Construir | Lumber Camp |
| 2:12 | Construir | Mill |
| 2:31 | Construir | Farm |
| 2:37 | Construir | Farm |
| 2:47 | Construir | Farm |
| 3:01 | Investigar | Feudal Age |
| 3:06 | Construir | Farm |
| 3:15 | Construir | Farm |
| 3:23 | Construir | Farm |
| 3:31 | Construir | Farm |
| 3:32 | Construir | Farm |
| 3:40 | Construir | Farm |
| 3:41 | Construir | Farm |
| 3:53 | Edad | Edad Feudal |
| 3:54 | Construir | Farm |
| 3:55 | Construir | Farm |
| 3:58 | Investigar | Wheelbarrow |
| 3:59 | Investigar | Tech 1699 |
| 3:59 | Investigar | Tech 1700 |
| 4:04 | Construir | Farm |
| 4:05 | Construir | Farm |
| 4:13 | Construir | Farm |
| 4:15 | Construir | Farm |
| 4:21 | Construir | Farm |
| 4:23 | Construir | Farm |
| 4:39 | Construir | Market |
| 5:24 | Construir | Blacksmith |
| 5:53 | Investigar | Castle Age |
| 6:01 | Investigar | Double-Bit Axe |
| 6:01 | Investigar | Double-Bit Axe |
| 6:01 | Investigar | Tech 1687 |
| 6:02 | Investigar | Tech 1687 |
| 6:03 | Investigar | Tech 1688 |
| 6:14 | Construir | Farm |
| 6:17 | Construir | Farm |
| 6:28 | Construir | Farm |
| 6:30 | Construir | Farm |
| 6:40 | Construir | Farm |
| 6:42 | Construir | Farm |
| 6:57 | Edad | Edad de los Castillos |
| 7:18 | Construir | Farm |
| 7:19 | Construir | Farm |
| 7:29 | Construir | Castle |
| 7:46 | Construir | Farm |
| 7:48 | Construir | Farm |
| 8:29 | Construir | Lumber Camp |
| 8:40 | Construir | Lumber Camp |
| 9:12 | Investigar | Imperial Age |
| 9:24 | Construir | Lumber Camp |
| 10:28 | Edad | Edad Imperial |
| 10:36 | Investigar | Elite Arambai (upgrade) |
| 10:36 | Investigar | Howdah |
| 10:36 | Investigar | Manipur Cavalry |
| 10:36 | Investigar | Howdah |
| 10:36 | Investigar | Elite Arambai (upgrade) |
| 10:36 | Investigar | Manipur Cavalry |
| 10:37 | Investigar | Tech 1818 |
| 10:37 | Investigar | Tech 1820 |
| 10:37 | Investigar | Tech 1818 |
| 10:37 | Investigar | Tech 1820 |
| 10:37 | Investigar | Tech 1819 |
| 10:37 | Investigar | Tech 1821 |
| 10:38 | Investigar | Tech 1819 |
| 10:38 | Investigar | Tech 1821 |
| 10:40 | Investigar | Spies/Treason |
| 10:45 | Investigar | Town Watch |
| 10:45 | Investigar | Town Watch |
| 10:46 | Investigar | Tech 1612 |
| 10:46 | Investigar | Tech 1612 |
| 10:46 | Investigar | Tech 1613 |
| 10:47 | Investigar | Tech 1613 |
| 10:53 | Construir | Lumber Camp |
| 11:00 | Construir | Town Center |
| 11:19 | Construir | Siege Workshop |
| 11:37 | Investigar | Fletching |
| 11:37 | Investigar | Padded Archer Armor |
| 11:37 | Investigar | Padded Archer Armor |
| 11:37 | Investigar | Fletching |
| 11:37 | Investigar | Tech 1695 |
| 11:37 | Investigar | Tech 1681 |
| 11:38 | Investigar | Tech 1681 |
| 11:38 | Investigar | Tech 1695 |
| 11:38 | Investigar | Tech 1682 |
| 11:38 | Investigar | Tech 1696 |
| 11:39 | Investigar | Scale Mail Armor |
| 11:39 | Investigar | Forging |
| 11:39 | Investigar | Scale Mail Armor |
| 11:39 | Investigar | Scale Barding Armor |
| 11:39 | Investigar | Forging |
| 11:39 | Investigar | Scale Barding Armor |
| 11:39 | Investigar | Tech 1663 |
| 11:39 | Investigar | Tech 1661 |
| 11:40 | Investigar | Tech 1871 |
| 11:40 | Investigar | Tech 1661 |
| 11:40 | Investigar | Tech 1663 |
| 11:40 | Investigar | Tech 1871 |
| 11:40 | Investigar | Tech 1662 |
| 11:40 | Investigar | Tech 1664 |
| 11:40 | Investigar | Tech 1872 |
| 11:40 | Investigar | Tech 1662 |
| 11:40 | Investigar | Tech 1664 |
| 11:41 | Investigar | Tech 1872 |
| 11:52 | Investigar | Onager (upgrade) |
| 12:09 | Investigar | Hand Cart |
| 12:09 | Investigar | Hand Cart |
| 12:10 | Investigar | Tech 1715 |
| 12:10 | Investigar | Tech 1715 |
| 12:10 | Investigar | Tech 1716 |
| 12:11 | Investigar | Tech 1716 |
| 12:14 | Construir | Town Center |
| 12:16 | Crear | Villager (Male) ×5 |
| 12:16 | Crear | Villager (Male) ×5 |
| 12:17 | Crear | Villager (Male) ×5 |
| 12:17 | Crear | Villager (Male) ×5 |
| 12:17 | Crear | Villager (Male) ×5 |
| 12:18 | Crear | Villager (Male) ×5 |
| 12:20 | Investigar | Bow Saw |
| 12:20 | Investigar | Bow Saw |
| 12:21 | Investigar | Tech 1691 |
| 12:21 | Investigar | Two-Man Saw |
| 12:22 | Investigar | Tech 1692 |
| 12:22 | Investigar | Tech 1692 |
| 12:23 | Investigar | Tech 1705 |
| 12:23 | Investigar | Tech 1705 |
| 12:23 | Investigar | Tech 1706 |
| 12:24 | Investigar | Tech 1706 |
| 14:39 | Crear | Mangonel |
| 14:40 | Crear | Mangonel |
| 14:40 | Crear | Mangonel |
| 14:43 | Construir | Mining Camp |
| 14:59 | Investigar | Stone Mining |
| 14:59 | Investigar | Gold Mining |
| 14:59 | Investigar | Stone Mining |
| 14:59 | Investigar | Gold Mining |
| 15:00 | Investigar | Tech 1723 |
| 15:00 | Investigar | Tech 1653 |
| 15:00 | Investigar | Tech 1723 |
| 15:00 | Investigar | Tech 1653 |
| 15:00 | Investigar | Tech 1654 |
| 15:00 | Investigar | Tech 1724 |
| 15:01 | Investigar | Tech 1724 |
| 15:01 | Investigar | Tech 1654 |
| 19:00 | Investigar | Tech 1745 |
| 19:00 | Investigar | Conscription |
| 19:00 | Investigar | Tech 1735 |
| 19:00 | Investigar | Conscription |
| 19:00 | Investigar | Tech 1735 |
| 19:00 | Investigar | Tech 1745 |
| 19:00 | Investigar | Tech 1733 |
| 19:00 | Investigar | Tech 1746 |
Build order — QTJ钱塘江客
Primeras 150 de 218 acciones detectadas
| 0:52 | Construir | House |
| 1:22 | Construir | Mill |
| 1:37 | Construir | Farm |
| 1:39 | Construir | Farm |
| 1:44 | Construir | Farm |
| 1:46 | Construir | Farm |
| 1:57 | Construir | Farm |
| 1:59 | Construir | Farm |
| 2:06 | Construir | Lumber Camp |
| 2:20 | Investigar | Feudal Age |
| 2:23 | Construir | Farm |
| 2:30 | Construir | Farm |
| 2:31 | Construir | Farm |
| 2:32 | Construir | Farm |
| 2:46 | Construir | Lumber Camp |
| 3:12 | Edad | Edad Feudal |
| 3:16 | Construir | Market |
| 3:20 | Construir | Blacksmith |
| 3:24 | Investigar | Double-Bit Axe |
| 3:25 | Investigar | Tech 1687 |
| 3:25 | Investigar | Tech 1688 |
| 3:25 | Investigar | Tech 1688 |
| 3:32 | Investigar | Tech 1625 |
| 3:32 | Investigar | Tech 1625 |
| 3:32 | Investigar | Tech 1624 |
| 3:33 | Investigar | Tech 1624 |
| 3:33 | Investigar | Horse Collar |
| 3:55 | Investigar | Castle Age |
| 3:56 | Investigar | Wheelbarrow |
| 3:56 | Investigar | Tech 1699 |
| 3:57 | Investigar | Tech 1699 |
| 3:57 | Investigar | Tech 1700 |
| 3:57 | Investigar | Tech 1700 |
| 3:59 | Investigar | Town Watch |
| 4:00 | Investigar | Tech 1612 |
| 4:00 | Investigar | Tech 1612 |
| 4:00 | Investigar | Tech 1613 |
| 4:07 | Construir | Farm |
| 4:08 | Construir | Farm |
| 4:59 | Edad | Edad de los Castillos |
| 5:01 | Construir | Siege Workshop |
| 5:05 | Construir | Monastery |
| 5:19 | Investigar | Imperial Age |
| 5:40 | Investigar | Tech 1623 |
| 5:40 | Investigar | Tech 1623 |
| 5:41 | Investigar | Tech 1622 |
| 5:41 | Investigar | Tech 1622 |
| 5:41 | Investigar | Heavy Plow |
| 5:42 | Investigar | Heavy Plow |
| 6:14 | Construir | Town Center |
| 6:19 | Construir | Mining Camp |
| 6:23 | Construir | Mining Camp |
| 6:31 | Construir | House |
| 6:35 | Construir | House |
| 6:41 | Construir | Lumber Camp |
| 6:44 | Investigar | Town Watch |
| 6:45 | Edad | Edad Imperial |
| 6:45 | Investigar | Tech 1612 |
| 6:46 | Investigar | Tech 1613 |
| 6:46 | Investigar | Tech 1613 |
| 6:47 | Investigar | Hand Cart |
| 6:48 | Investigar | Hand Cart |
| 6:48 | Investigar | Tech 1699 |
| 6:48 | Investigar | Tech 1699 |
| 6:49 | Investigar | Tech 1700 |
| 6:49 | Investigar | Tech 1700 |
| 6:49 | Investigar | Tech 1715 |
| 6:55 | Investigar | Onager (upgrade) |
| 6:56 | Crear | Mangonel |
| 7:02 | Investigar | Gold Mining |
| 7:02 | Investigar | Gold Mining |
| 7:02 | Investigar | Tech 1653 |
| 7:03 | Investigar | Tech 1653 |
| 7:03 | Investigar | Tech 1654 |
| 7:05 | Investigar | Stone Mining |
| 7:05 | Investigar | Stone Mining |
| 7:06 | Investigar | Tech 1723 |
| 7:06 | Investigar | Tech 1723 |
| 7:06 | Investigar | Tech 1724 |
| 7:21 | Investigar | Tech 1677 |
| 7:21 | Investigar | Tech 1677 |
| 7:22 | Investigar | Tech 1678 |
| 7:26 | Investigar | Tech 1621 |
| 7:26 | Investigar | Tech 1620 |
| 7:26 | Investigar | Tech 1620 |
| 7:27 | Investigar | Crop Rotation |
| 8:45 | Construir | Town Center |
| 9:08 | Construir | Barracks |
| 9:27 | Construir | Town Center |
| 9:35 | Construir | Town Center |
| 10:00 | Investigar | Bow Saw |
| 10:00 | Investigar | Bow Saw |
| 10:00 | Investigar | Tech 1691 |
| 10:01 | Investigar | Tech 1691 |
| 10:01 | Investigar | Tech 1692 |
| 10:02 | Investigar | Tech 1705 |
| 10:02 | Investigar | Tech 1706 |
| 10:06 | Investigar | Stone Shaft Mining |
| 10:06 | Investigar | Stone Shaft Mining |
| 10:07 | Investigar | Tech 1727 |
| 10:07 | Investigar | Tech 1728 |
| 10:07 | Investigar | Tech 1728 |
| 10:14 | Investigar | Tech 1716 |
| 10:16 | Investigar | Town Patrol |
| 10:16 | Investigar | Town Patrol |
| 10:20 | Crear | Villager (Male) |
| 10:20 | Crear | Villager (Male) |
| 10:21 | Crear | Villager (Male) |
| 10:21 | Crear | Villager (Male) |
| 10:21 | Crear | Villager (Male) |
| 10:23 | Crear | Villager (Male) |
| 10:23 | Crear | Villager (Male) |
| 10:23 | Crear | Villager (Male) |
| 10:24 | Crear | Villager (Male) |
| 10:24 | Crear | Villager (Male) |
| 11:04 | Construir | Stable |
| 11:13 | Investigar | Loom |
| 11:14 | Investigar | Loom |
| 11:14 | Investigar | Tech 1628 |
| 11:15 | Investigar | Tech 1629 |
| 11:15 | Investigar | Tech 1629 |
| 11:20 | Construir | Blacksmith |
| 11:21 | Construir | Blacksmith |
| 11:29 | Investigar | Light Cavalry (upgrade) |
| 11:30 | Investigar | Light Cavalry (upgrade) |
| 11:30 | Investigar | Bloodlines |
| 11:30 | Investigar | Bloodlines |
| 11:31 | Investigar | Tech 1749 |
| 11:31 | Investigar | Tech 1749 |
| 11:32 | Investigar | Tech 1750 |
| 11:32 | Investigar | Husbandry |
| 11:32 | Investigar | Husbandry |
| 11:33 | Investigar | Tech 1634 |
| 11:33 | Investigar | Tech 1634 |
| 11:34 | Investigar | Tech 1635 |
| 11:34 | Investigar | Tech 1635 |
| 12:08 | Construir | Castle |
| 12:38 | Construir | Stable |
| 12:59 | Investigar | Forging |
| 12:59 | Investigar | Forging |
| 13:00 | Investigar | Tech 1661 |
| 13:00 | Investigar | Tech 1661 |
| 13:01 | Investigar | Tech 1662 |
| 13:01 | Investigar | Tech 1662 |
| 13:03 | Investigar | Scale Barding Armor |
| 13:03 | Investigar | Tech 1871 |
| 13:03 | Investigar | Tech 1871 |
| 13:04 | Investigar | Tech 1872 |
| 13:09 | Construir | Lumber Camp |
| 13:18 | Investigar | Winged Hussar (upgrade) |
Cronología de la partida
| 2:24 | Lumedge · age_up feudal |
| 2:51 | Lumedge · first_market_sell 500 wood |
| 3:10 | Lumedge · tribute_sent a jugador 1 |
| 3:10 | Lumedge · tribute_sent a jugador 2 |
| 3:10 | Lumedge · tribute_sent a jugador 4 |
| 3:10 | Lumedge · tribute_sent a jugador 5 |
| 3:10 | Lumedge · tribute_sent a jugador 6 |
| 3:10 | Lumedge · tribute_sent a jugador 7 |
| 3:10 | Lumedge · tribute_sent a jugador 8 |
| 3:12 | QTJ钱塘江客 · age_up feudal |
| 3:44 | QTJ钱塘江客 · first_market_sell 500 food |
| 3:53 | gmc inspector · age_up feudal |
| 3:57 | 漫山哒哒哒 · age_up feudal |
| 4:00 | Lumedge · age_up castle |
| 4:02 | AnanasHarfe8018 · first_market_sell 100 food |
| 4:24 | Lumedge · first_building Siege Workshop |
| 4:30 | i kun 2.5 · age_up feudal |
| 4:32 | 漫山哒哒哒 · first_market_sell 100 wood |
| 4:37 | Lumedge · first_building Monastery |
| 4:55 | ChristopheG1970.Fr · age_up feudal |
| 4:59 | QTJ钱塘江客 · age_up castle |
| 5:01 | QTJ钱塘江客 · first_building Siege Workshop |
| 5:04 | gmc inspector · first_market_sell 100 food |
| 5:05 | QTJ钱塘江客 · first_building Monastery |
| 5:30 | Kalervo Jankko · age_up feudal |
| 5:54 | AnanasHarfe8018 · first_building Monastery |
| 6:10 | Lumedge · age_up imperial |
| 6:42 | i kun 2.5 · first_market_sell 500 wood |
| 6:45 | QTJ钱塘江客 · age_up imperial |
| 6:57 | gmc inspector · age_up castle |
| 7:29 | gmc inspector · first_building Castle |
| 7:49 | Lumedge · first_building Castle |
| 8:07 | 漫山哒哒哒 · age_up castle |
| 8:10 | i kun 2.5 · age_up castle |
| 8:23 | ChristopheG1970.Fr · first_market_sell 500 wood |
| 8:34 | Kalervo Jankko · first_market_sell 100 food |
| 8:39 | Lumedge · first_building Barracks |
| 8:51 | 漫山哒哒哒 · first_building Dock |
| 9:08 | QTJ钱塘江客 · first_building Barracks |
| 9:23 | QTJ钱塘江客 · first_market_buy 100 stone |
| 9:29 | Lumedge · first_building Stable |
| 9:50 | Kalervo Jankko · age_up castle |
| 10:28 | gmc inspector · age_up imperial |
| 10:42 | i kun 2.5 · first_building Siege Workshop |
| 10:45 | i kun 2.5 · first_building Monastery |
| 10:56 | ChristopheG1970.Fr · age_up castle |
| 11:03 | AnanasHarfe8018 · first_building Siege Workshop |
| 11:04 | QTJ钱塘江客 · first_building Stable |
| 11:19 | gmc inspector · first_building Siege Workshop |
| 11:32 | 漫山哒哒哒 · first_market_buy 100 wood |
| 11:40 | Lumedge · tribute_sent a jugador 1 |
| 11:40 | Lumedge · tribute_sent a jugador 2 |
| 11:40 | Lumedge · tribute_sent a jugador 4 |
| 11:40 | Lumedge · tribute_sent a jugador 5 |
| 11:40 | Lumedge · tribute_sent a jugador 6 |
| 11:40 | Lumedge · tribute_sent a jugador 7 |
| 11:40 | Lumedge · tribute_sent a jugador 8 |
| 11:52 | 漫山哒哒哒 · tribute_sent a jugador 1 |
| 11:52 | 漫山哒哒哒 · tribute_sent a jugador 3 |
| 11:52 | 漫山哒哒哒 · tribute_sent a jugador 4 |
| 11:52 | 漫山哒哒哒 · tribute_sent a jugador 5 |
| 11:52 | 漫山哒哒哒 · tribute_sent a jugador 6 |
| 11:52 | 漫山哒哒哒 · tribute_sent a jugador 7 |
| 11:52 | 漫山哒哒哒 · tribute_sent a jugador 8 |
| 12:08 | QTJ钱塘江客 · first_building Castle |
| 13:06 | ChristopheG1970.Fr · first_building Barracks |
| 13:40 | 漫山哒哒哒 · first_building Barracks |
| 13:42 | ChristopheG1970.Fr · first_building Stable |
| 13:54 | i kun 2.5 · age_up imperial |
| 14:16 | Kalervo Jankko · first_building Monastery |
| 14:29 | AnanasHarfe8018 · first_building Castle |
| 15:20 | AnanasHarfe8018 · first_building Barracks |
| 15:29 | Kalervo Jankko · first_building Barracks |
| 15:44 | 漫山哒哒哒 · tribute_sent a jugador 1 |
| 15:44 | 漫山哒哒哒 · tribute_sent a jugador 3 |
| 15:44 | 漫山哒哒哒 · tribute_sent a jugador 4 |
| 15:44 | 漫山哒哒哒 · tribute_sent a jugador 5 |
| 15:44 | 漫山哒哒哒 · tribute_sent a jugador 6 |
| 15:44 | 漫山哒哒哒 · tribute_sent a jugador 7 |
| 15:44 | 漫山哒哒哒 · tribute_sent a jugador 8 |
| 15:56 | 漫山哒哒哒 · tribute_sent a jugador 1 |
| 15:56 | 漫山哒哒哒 · tribute_sent a jugador 3 |
| 15:56 | 漫山哒哒哒 · tribute_sent a jugador 4 |
| 15:56 | 漫山哒哒哒 · tribute_sent a jugador 5 |
| 15:56 | 漫山哒哒哒 · tribute_sent a jugador 6 |
| 15:56 | 漫山哒哒哒 · tribute_sent a jugador 7 |
| 15:56 | 漫山哒哒哒 · tribute_sent a jugador 8 |
| 15:58 | AnanasHarfe8018 · first_building Stable |
| 16:02 | ChristopheG1970.Fr · first_building Siege Workshop |
| 16:03 | Kalervo Jankko · first_building Archery Range |
| 16:19 | 漫山哒哒哒 · tribute_sent a jugador 1 |
| 16:19 | 漫山哒哒哒 · tribute_sent a jugador 3 |
| 16:19 | 漫山哒哒哒 · tribute_sent a jugador 4 |
| 16:19 | 漫山哒哒哒 · tribute_sent a jugador 5 |
| 16:19 | 漫山哒哒哒 · tribute_sent a jugador 6 |
| 16:19 | 漫山哒哒哒 · tribute_sent a jugador 7 |
| 16:19 | 漫山哒哒哒 · tribute_sent a jugador 8 |
| 16:25 | Kalervo Jankko · age_up imperial |
| 16:41 | ChristopheG1970.Fr · first_building Dock |
| 16:50 | Kalervo Jankko · first_market_buy 100 stone |
| 16:55 | Kalervo Jankko · first_building Castle |
| 17:55 | i kun 2.5 · wall_segment Stone Wall x4 |
| 18:25 | AnanasHarfe8018 · first_building Archery Range |
| 18:44 | Kalervo Jankko · first_building Stable |
| 19:07 | ChristopheG1970.Fr · age_up imperial |
| 19:16 | i kun 2.5 · wall_segment Stone Wall x6 |
| 19:18 | i kun 2.5 · wall_segment Stone Wall x5 |
| 19:19 | i kun 2.5 · wall_segment Stone Wall x3 |
| 19:27 | Kalervo Jankko · first_building Siege Workshop |
| 20:13 | i kun 2.5 · first_building Dock |
| 20:15 | Kalervo Jankko · first_building Dock |
| 20:55 | gmc inspector · first_building Barracks |
| 21:13 | gmc inspector · first_building Stable |
| 22:01 | Kalervo Jankko · tribute_sent a jugador 1 |
| 22:01 | Kalervo Jankko · tribute_sent a jugador 2 |
| 22:01 | Kalervo Jankko · tribute_sent a jugador 3 |
| 22:01 | Kalervo Jankko · tribute_sent a jugador 5 |
| 22:01 | Kalervo Jankko · tribute_sent a jugador 6 |
| 22:01 | Kalervo Jankko · tribute_sent a jugador 7 |
| 22:01 | Kalervo Jankko · tribute_sent a jugador 8 |
| 23:44 | ChristopheG1970.Fr · resign |
[ ANÁLISIS IA · 1 CRÉDITO ]
¿Qué pasó realmente en esta partida?
Wolo.gg analiza cada decisión: build order, eco, micro, errores típicos por bracket. Análisis personalizado por WhatsApp o Discord en 30 segundos.
Guía civ
Magiares
Perfil
Kalervo Jankko